 Dungeon Crawl Stone Soup version 0.18-a0-750-g37044d6 (webtiles) character file.

97 tof the Conjurer (level 4, 0/28 HPs)
             Began as a High Elf Conjurer on Dec 12, 2015.
             Slain by Sigmund
             ... wielding a +0 scythe
              (9 damage)
             ... on level 3 of the Dungeon.
             The game lasted 00:14:25 (2755 turns).

tof the Conjurer (High Elf Conjurer)                Turns: 2755, Time: 00:14:25

Health: 0/28       AC:  6    Str:  5 (7)  XL:     4   Next: 42%
Magic:  2/10       EV: 12    Int: 19      God:
Gold:   67         SH:  0    Dex: 16      Spells: 2 memorised, 6 levels left

rFire  . . .     SeeInvis .     g - +0 dagger
rCold  . . .     Clarity  .     i - +3 leather armour
rNeg   . . .     SustAt   .     (no shield)
rPois  .         Gourm    .     (no helmet)
rElec  .         Spirit   .     (no cloak)
rCorr  .         Dismiss  .     (no gloves)
rMut   .         Stasis   .     (no boots)
MR     .....                    f - amulet of faith
Stlth  ++........               (no ring)
                                (no ring)

@: not resistant to hostile enchantments, unstealthy
A: no striking features
a: no special abilities


You were on level 3 of the Dungeon.
You were hungry.

You visited 1 branch of the dungeon, and saw 3 of its levels.

You collected 67 gold pieces.

Inventory:

Hand Weapons
 g - a +0 dagger (weapon)
Armour
 a - a +1 robe
 i - a +3 leather armour (worn)
Jewellery
 f - an amulet of faith (around neck)
Scrolls
 e - 5 scrolls of identify
 j - a scroll of magic mapping
 k - a scroll of fog
 l - a scroll of enchant armour
 m - a scroll of remove curse
Potions
 d - a potion of curing
Books
 b - a book of Conjurations

   Spells                             Type                      Level
   a - Magic Dart                     Conjuration                  1
   b - Searing Ray                    Conjuration                  2
   c - Dazzling Spray                 Conjuration/Hexes            3
   d - Fulminant Prism                Conjuration/Hexes            4
   e - Iskenderun's Mystic Blast      Conjuration                  4
   f - Iskenderun's Battlesphere      Conjuration/Charms           5
Comestibles
 c - 3 bread rations
 h - 3 meat rations


   Skills:
 + Level 1.0 Fighting
 + Level 0.2 Short Blades
 + Level 0.5 Armour
 - Level 2.1 Dodging
 * Level 2.9 Stealth
 * Level 3.3 Spellcasting
 + Level 5.4 Conjurations


You had 6 spell levels left.
You knew the following spells:

 Your Spells              Type           Power        Failure   Level  Hunger
a - Magic Dart            Conj           ###.         2%          1    None
b - Searing Ray           Conj           ###...       4%          2    ##.....


Dungeon Overview and Level Annotations

Branches:
Dungeon (3/15)

Altars:
Pakellas

Annotations:
D:3 Sigmund


Message History

Confirm with . or Enter, or press ? or * to list all spells.
Aiming: Magic Dart
Press: ? - help, Shift-Dir - straight line, f/p - Sigmund
Aim: Sigmund, wielding a scythe and wearing an embroidered robe (heavily wounded, fast)
The magic dart hits Sigmund.
Sigmund is severely wounded.
Sigmund gestures wildly while chanting.
Sigmund flickers and vanishes!
Deactivating autopickup; reactivate with Ctrl-A.
Casting: Magic Dart
Confirm with . or Enter, or press ? or * to list all spells.
You can't see any susceptible monsters within range! (Use Z to cast anyway.)
Something hits you!
You closely miss something.
You hear some strange, mumbled words.
Something tries to affect you, but you resist.
Something hits you!
You miss something. Something barely misses you. Something hits you!
You die...

#........#. #.#
#....#.####
#........#..#.#
#....#.....
#........##.#.#
#.....)....
#........##.#.#
#..........
#........# ...
#..........
#.^......# #..
#..........
##(.#'#'### #..
#.......... ##..#.#.#
#..##########........
##....#.#
#.{.@.......#........
..#.###.#
#...#######.#........
..#)# #..†...#
#.#........ ..'.#
#.>....# #.#........
..### ##.....#
#.####.#### ..#
#..#### #.# #.# ..#
#.######..# #.#
#.#### ..# .........#
#.# #..... ..# #....
#.########.# ######


There were no monsters in sight!

Vanquished Creatures
  The ghost of crawlian the Firebug, a weakling DEFE (D:3)
  An adder (D:3)
  2 oozes (D:3)
  2 giant geckos (D:1)
  5 bats
  2 giant cockroaches (D:1)
  5 goblins
  11 hobgoblins
  5 kobolds
  5 giant newts
  5 rats
44 creatures vanquished.

Notes
Turn   | Place    | Note
--------------------------------------------------------------
     0 | D:1      | tof the High Elf Conjurer began the quest for the Orb.
     0 | D:1      | Reached XP level 1. HP: 11/11 MP: 4/4
   147 | D:1      | Reached XP level 2. HP: 17/17 MP: 1/6
   156 | D:1      | Learned a level 2 spell: Searing Ray
   637 | D:1      | Reached skill level 5 in Conjurations
  1535 | D:2      | Reached XP level 3. HP: 22/22 MP: 6/8
  1859 | D:2      | Found an oddly glowing altar of Pakellas.
  2322 | D:3      | Noticed crawlian's ghost (weakling DEFE)
  2329 | D:3      | Killed crawlian's ghost
  2329 | D:3      | Reached skill level 1 in Fighting
  2329 | D:3      | Reached XP level 4. HP: 21/28 MP: 0/9
  2742 | D:3      | Noticed Sigmund
  2755 | D:3      | Slain by Sigmund

Vault maps used:
D:1:      evilmike_arrival_rings
D:2:      grunt_ministairs_1, grunt_pakellas_basics
D:3:      first_bread, uniq_sigmund

Action                   |  1- 3 |  4- 6 || total
-------------------------+-------+-------++-------
Melee: Unarmed           |     4 |       ||     4
       Dagger            |    69 |    18 ||    87
 Cast: Magic Dart        |    57 |    20 ||    77
  Use: Scroll            |     9 |       ||     9
       Potion            |     5 |     1 ||     6
 Stab: Sleeping          |     1 |       ||     1
  Eat: Chunk             |     5 |       ||     5
